 Dungeon Crawl Stone Soup version 0.26-a0-651-gb41185065b (webtiles) character file.

Game seed: 13147073894723399258

2830 Flugslaktarn the Cleaver (level 9, -11/86 HPs)
             Began as a Deep Dwarf Fighter on Oct 11, 2020.
             Was a Follower of Makhleb.
             Killed from afar by Harold (20 damage)
             ... with a bolt of acid
             ... on level 8 of the Dungeon.
             The game lasted 00:03:01 (3809 turns).

Flugslaktarn the Cleaver (Deep Dwarf Fighter)       Turns: 3809, Time: 00:03:02

Health: -11/86     AC: 14    Str: 20    XL:     9   Next: 45%
Magic:  5/5        EV:  8    Int:  9    God:    Makhleb [*.....]
Gold:   350        SH: 10    Dex: 15    Spells: 8/8 levels left

rFire    . . .     SeeInvis .   a - +0 war axe
rCold    . . .     Faith    .   c - +0 kite shield
rNeg     . . .     Spirit   .   h - +0 chain mail
rPois    .         Reflect  .   (no helmet)
rElec    .         Harm     .   (no cloak)
rCorr    .         Rampage  .   f - +0 pair of gloves
MR       +....                  b - +2 pair of boots
Stlth    ..........             (no amulet)
HPRegen  0.00/turn              (no ring)
MPRegen  0.09/turn              (no ring)

@: marked, berserk cooldown, non-regenerating, slowed, very slow
A: damage resistance, heal wounds, sense surroundings 2, no regeneration
a: Heal Wounds, Renounce Religion


You were on level 8 of the Dungeon.
You worshipped Makhleb.
Makhleb was aware of your devotion.
You visited 2 branches of the dungeon, and saw 9 of its levels.

You collected 350 gold pieces.

Inventory:

Hand Weapons
 a - a +0 war axe (weapon)
Armour
 b - a +2 pair of boots (worn)
   (You found it on level 6 of the Dungeon)
 c - a +0 kite shield (worn)
 f - a +0 pair of gloves (worn)
   (You found it on level 5 of the Dungeon)
 h - a +0 chain mail (worn)
   (You found it on level 1 of the Dungeon)
Scrolls
 g - a scroll of blinking {unknown}
 j - a scroll of magic mapping {unknown}
 l - 2 scrolls of enchant armour {unknown}
 m - a scroll of immolation {unknown}
 n - 2 scrolls of fog
 r - 2 scrolls of identify
 t - a scroll of teleportation
Potions
 d - a potion of might
 i - a potion of magic {unknown}
 k - a potion of lignification
 o - a potion of flight
 q - a potion of curing
 w - a potion of heal wounds


   Skills:
 * Level 7.2 Fighting
 * Level 8.3 Axes
 + Level 6.5 Armour
 + Level 4.6 Dodging
 - Level 4.3 Shields
 + Level 4.1 Invocations


You had 8 spell levels left.
You didn't know any spells.
Your spell library was empty.

Dungeon Overview and Level Annotations

Branches:
Dungeon (8/15)             Temple (1/1) D:5
   Lair: D:8-11

Altars:
Ashenzari
Cheibriados
Elyvilon
Fedhas
Gozag
Hepliaklqana
Kikubaaqudgha
Makhleb
Nemelex Xobeh
Qazlal
Sif Muna
Trog
Uskayaw
Vehumet
Wu Jian
Xom
Yredelemnul
Zin
The Shining One
Beogh

Shops:
D:4 }   D:6 :

Annotations:
D:4 1 runed translucent door, Gearfox's ghost, amateur DrFE
D:6 3 runed translucent doors, PanSaczeczos's ghost, novice HaFi
D:8 1 transporter, Harold; Maggie


Innate Abilities, Weirdness & Mutations

You are resistant to damage.
You can heal yourself by infusing magical energy.
You passively map the area around you.
You do not regenerate.


Message History

Harold hits you but does no damage.
You are electrocuted!!
* * * LOW HITPOINT WARNING * * *
Your magical essence is drained by the effort!
You feel much better. The black bear closely misses you.
The black bear barely misses you. The black bear completely misses you.
Harold hits you but does no damage.
You are electrocuted!
* * * LOW HITPOINT WARNING * * *
The black bear barely misses you.
The black bear claws you but does no damage.
You block the black bear's attack.
You fail to use your ability.
The black bear bites you but does no damage.
The black bear claws you but does no damage. x2
Harold hits you but does no damage. You block the wight's attack.
The black bear bites you but does no damage.
The black bear barely misses you.
The black bear claws you but does no damage.
The howler monkey hoots and howls with incredible vigour!
Harold zaps a wand.
The bolt of acid hits you!!
You die...

#...y........$# ,
#h###...../.....#
#z#................
#5#.###############
#s#.#8P#Ko55o.$#≈8#
#Z#.#P.#≈≈≈≈≈≈≈#.P#
#Yz.#./#..≈≈≈..#($#
#@h©#©.+.. ⌠
##@z#./#.. , ,
##.#P.#≈≈ ≈≈
.#8P#55 ,
.######*** .......
, , ####### ** , **


You could see Harold, a kobold demonologist, a black bear (berserk), an ice
beast, a howler monkey (catching breath), 3 wights, an orc priest, 3 shadow
imps, a giant cockroach and a leopard gecko skeleton.

Vanquished Creatures
  Psyche (D:8)
  A hippogriff (D:7)
  2 sky beasts
  2 phantoms
  A black bear (D:8)
  2 ogres
  A centaur (D:5)
  4 bullfrogs
  2 scorpions
  A water moccasin skeleton (D:6)
  12 killer bees
  A howler monkey (D:4)
  3 jellies
  3 hounds
  2 orc wizards (D:5)
  A quasit (D:7)
  An orc priest (D:5)
  2 iguanas
  8 worker ants
  3 hound zombies
  5 adders
  2 shadow imps (D:5)
  2 white imps
  3 oozes
  An adder skeleton (D:4)
  2 worms
  5 leopard geckos
  9 orcs
  A ball python (D:3)
  3 bats
  2 giant cockroaches
  A goblin (D:2)
  5 hobgoblins
  A kobold (D:2)
  A quokka (D:7)
  A ball python zombie (D:5)
  A frilled lizard (D:4)
  A quokka skeleton (D:8)
  6 rats
105 creatures vanquished.

Notes
Turn   | Place    | Note
-------+----------+-------------------------------------------
     0 | D:1      | Flugslaktarn the Deep Dwarf Fighter began the quest for the
                  | Orb.
     0 | D:1      | Reached XP level 1. HP: 20/20 MP: 1/1
   402 | D:2      | Reached XP level 2. HP: 21/27 MP: 2/2
   477 | D:2      | Found a hazy altar of Hepliaklqana.
   549 | D:2      | Found a faded altar of an unknown god.
   603 | D:2      | Reached XP level 3. HP: 25/34 MP: 3/3
   622 | D:2      | Reached skill level 3 in Axes
   788 | D:3      | Noticed a killer bee
   788 | D:3      | Noticed a killer bee
   788 | D:3      | Noticed a killer bee
   789 | D:3      | Noticed a killer bee
   798 | D:3      | Noticed a killer bee
   800 | D:3      | HP: 1/34 [poisoned by a killer bee]
   810 | D:3      | Killed a killer bee
   810 | D:3      | Reached XP level 4. HP: 17/42 MP: 4/4
   829 | D:3      | Reached XP level 5. HP: 37/50 MP: 5/5
   840 | D:3      | Reached skill level 4 in Axes
   897 | D:4      | Reached XP level 6. HP: 47/57 MP: 6/6
   970 | D:4      | Found a runed translucent door.
   975 | D:4      | Noticed Gearfox's ghost (amateur DrFE)
  1342 | D:4      | Found a bloodstained altar of Trog.
  1342 | D:4      | Found an ancient bone altar of Kikubaaqudgha.
  1453 | D:4      | Reached skill level 1 in Dodging
  1480 | D:4      | Found Udoqun's Gadget Boutique.
  1563 | D:4      | Reached skill level 5 in Axes
  1706 | D:5      | Entered Level 5 of the Dungeon
  1846 | D:5      | Reached XP level 7. HP: 28/66 MP: 7/7
  1896 | D:5      | Reached skill level 5 in Fighting
  1972 | D:5      | Reached skill level 5 in Armour
  1992 | D:5      | Found a staircase to the Ecumenical Temple.
  2061 | Temple   | Entered the Ecumenical Temple
  2187 | D:5      | Reached skill level 6 in Axes
  2344 | D:5      | Found a blossoming altar of Fedhas.
  2369 | D:5      | Reached XP level 8. HP: 41/75 MP: 7/7
  2426 | D:6      | Found a burning altar of Makhleb.
  2440 | D:6      | Became a worshipper of Makhleb the Destroyer
  2534 | D:6      | Found a runed translucent gate.
  2535 | D:6      | Found a runed translucent gate.
  2537 | D:6      | Found a runed translucent gate.
  2537 | D:6      | Noticed PanSaczeczos's ghost (novice HaFi)
  2553 | D:6      | Found a roughly hewn altar of Beogh.
  2556 | D:6      | Identified the +9 plate armour "Potiehec" {rElec rC- Dex+6
                  | SInv}
  2609 | D:6      | Found Lubbay's Book Boutique.
  2684 | D:6      | Reached skill level 1 in Invocations
  2755 | D:6      | Found a shimmering blue altar of Sif Muna.
  3024 | D:7      | Found an opulent altar of Gozag.
  3026 | D:7      | Found a white marble altar of Elyvilon.
  3352 | D:7      | Noticed a hippogriff
  3363 | D:7      | Killed a hippogriff
  3363 | D:7      | Reached skill level 7 in Axes
  3630 | D:7      | Gained mutation: You passively map the area around you.
                  | [Deep Dwarf growth]
  3630 | D:7      | Reached XP level 9. HP: 43/85 MP: 10/10
  3707 | D:8      | Noticed Harold
  3729 | D:8      | Noticed Psyche
  3732 | D:8      | Noticed Maggie
  3740 | D:8      | Noticed a kobold demonologist
  3753 | D:8      | Found a transporter.
  3795 | D:8      | Reached * piety under Makhleb
  3797 | D:8      | Reached skill level 8 in Axes
  3797 | D:8      | Killed Psyche
  3806 | D:8      | HP: 1/86 [Harold/+1 hand axe of electrocution (16)]
  3809 | D:8      | Killed from afar by Harold

Illustrated notes

Levels and vault maps discovered:
D:1:      mrwooster_arrival_statue, layout_loops_corners, st_stairs_7,
          chequers_serial_rivers_large_b
D:2:      layout_basic, lemuel_doored_altar, chequers_ecumenical_altar_twisty
D:3:      layout_basic, nicolae_dithmenos_through_a_glass_darkly
D:4:      layout_loops_corners, gammafunk_temple_overflow_elements,
          ebering_ghost_reflecting_pool, serial_shops, shop
D:5:      layout_cave_pools, minmay_temple_entry_enclosed_plants,
          fedhas_altar_fruit_tree
D:6:      layout_rooms, old_standard_altar, nicolae_overflow_crystal_walls,
          serial_shops, shop, biasface_ghost_orc_armoury, serial_bayou_crossing
D:7:      layout_basic, grunt_temple_overflow_open
D:8:      gammafunk_wand_slinger, layout_cave_pools, okawaru_metal_pillars_1_2,
          serial_rivers, chequers_serial_rivers_large_a,
          chequers_serial_rivers_small_a, chequers_serial_rivers_small_3,
          chequers_serial_rivers_small_b, chequers_serial_rivers_micro_a,
          chequers_serial_rivers_micro_c, serial_bayou_pond_d,
          trog_ov_bears_minmay, uniq_maggie, uniq_psyche, uniq_harold
Temple:   nicolae_temple_x_marks_the_god

Skill      XL: |  1  2  3  4  5  6  7  8  9 |
---------------+----------------------------+-----
Fighting       | 3 4 5 6 7 |  7.2
Axes           | 3 4 5 6 7 8 |  8.3
Armour         | 4 5 6 |  6.5
Shields        | 4 |  4.3
Dodging        | 1 2 4 |  4.6
Invocations    | 3 4 |  4.1

Action                   |  1- 3 |  4- 6 |  7- 9 || total
-------------------------+-------+-------+-------++-------
Melee: War axe           |    84 |   113 |   293 ||   490
 Abil: Heal Wounds       |     2 |     5 |    20 ||    27
  Use: Potion            |     6 |     1 |     3 ||    10
       Scroll            |     1 |     5 |     1 ||     7
Armor: Chain mail        |    51 |    49 |   244 ||   344
       Skin              |       |       |    25 ||    25
Dodge: Dodged            |    35 |    26 |   142 ||   203
Block: Kite shield       |    66 |    79 |   210 ||   355

Table legend: (Time is in decaauts)
 A = Elapsed time spent in this place.
 B = Non-inter-level travel time spent in this place.
 C = Inter-level travel time spent in this place.
 D = Time resting spent in this place.
 E = Time spent auto-exploring this place.
 F = Levels seen in this place.
 G = Mean time per level.
                   A        B        C        D        E       F      G
               +--------+--------+--------+--------+--------+-----+--------+
         Total |   3965 |   3775 |    190 |      0 |   2724 |   9 |  440.6 |
       Dungeon |   3904 |   3720 |    184 |      0 |   2671 |   8 |  488.0 |
        Temple |     60 |     54 |      6 |      0 |     53 |   1 |   60.0 |
               +--------+--------+--------+--------+--------+-----+--------+

Top non-repeatable levels by time:
     D:4: 870 daAuts
     D:7: 707 daAuts
     D:5: 665 daAuts
     D:6: 641 daAuts
     D:1: 368 daAuts
     D:2: 298 daAuts
     D:3: 238 daAuts
     D:8: 115 daAuts
  Temple: 60 daAuts
